 Dungeon Crawl Stone Soup version 0.19-a0-627-g7ac35de (webtiles) character file.

6646 Kenran the Cleaver (level 10, -2/141 HPs)
             Began as a Deep Dwarf Berserker on June 13, 2016.
             Was a High Priest of Trog.
             Slain by an orc warrior (15 damage)
             ... in a bailey.
             The game lasted 00:35:32 (9019 turns).

Kenran the Cleaver (Deep Dwarf Berserker)           Turns: 9019, Time: 00:35:33

Health: -2/141     AC: 21    Str: 30    XL:     10   Next: 72%
Magic:  12/12      EV: 10    Int: 15    God:    Trog [*****.]
Gold:   520        SH:  8    Dex: 20    Spells: 0 memorised, 9 levels left

rFire  . . .     SeeInvis .     f - +2 war axe of Undoing {venom, Str+4 Stlth+}
rCold  . . .     Gourm    .     m - +7 chain mail "Sialisch" {-Tele Regen+ rCorr Int+7}
rNeg   . . .     Faith    .     y - +2 buckler
rPois  .         Spirit   .     p - +0 helmet
rElec  .         Dismiss  .     b - +0 cloak
rCorr  +         Reflect  .     B - +0 pair of gloves
SustAt .         Harm     .     (no boots)
MR     +++..     NoTele   +     (no amulet)
Stlth  ..........               (no ring)
                                H - +5 ring of dexterity

@: berserking (expiring), non-regenerating, very quick, extremely resistant to
hostile enchantments, extremely unstealthy
A: damage resistance, recharge devices, sense surroundings 2, slow regeneration
3
a: Device Recharging, Berserk, Trog's Hand, Brothers in Arms, Burn Spellbooks,
Renounce Religion


You were in a bailey.
You worshipped Trog.
Trog was extremely pleased with you.
You were not hungry.

You visited 1 branch of the dungeon, and saw 10 of its levels.
You also visited: Bailey.

You collected 520 gold pieces.

Inventory:

Hand Weapons
 f - the +2 war axe of Undoing (weapon) {venom, Str+4 Stlth+}
   (You found it on level 6 of the Dungeon)

   It poisons the flesh of those it strikes.
   It affects your strength (+4).
   It makes you more stealthy.
Armour
 b - a +0 cloak (worn)
 m - the +7 chain mail "Sialisch" (worn) {-Tele Regen+ rCorr Int+7}
   (You found it on level 6 of the Dungeon)

   It affects your intelligence (+7).
   It prevents most forms of teleportation.
   It increases your rate of regeneration.
   It protects you from acid and corrosion.
 p - a +0 helmet (worn)
 y - a +2 buckler (worn)
 B - a +0 pair of gloves (worn)
Jewellery
 H - a +5 ring of dexterity (left hand)
 I - an uncursed ring of sustain attributes {unknown}
Wands
 c - a wand of heal wounds (4/9) {@v2}
 j - a wand of paralysis (13/24)
 q - a wand of hasting (5/9) {@v3}
 F - a wand of flame (21/48)
 G - a wand of paralysis (8/24)
Scrolls
 a - 6 scrolls of teleportation {@r4}
 n - a scroll of blinking
 w - a scroll of fear
 z - a scroll of recharging
 C - a scroll of brand weapon
 E - a scroll of fog
 J - a scroll of magic mapping
Potions
 e - 2 potions of flight
 g - 5 potions of curing {@q1}
 h - 2 potions of resistance
 k - a potion of lignification {unknown}
 l - 6 potions of heal wounds {@q2}
 o - a potion of agility {unknown}
 r - a potion of mutation {unknown}
 s - a potion of brilliance {unknown}
 t - 2 potions of ambrosia
 u - 3 potions of degeneration {unknown}
 x - 2 potions of cure mutation {unknown}
 A - a potion of berserk rage {unknown}
Miscellaneous
 L - a phantom mirror
Comestibles
 d - 5 bread rations {@e1}
 i - 2 meat rations {@e1}
 v - a beef jerky {@e2}
 D - 11 chunks of flesh
 K - 9 royal jellies {@e3}


   Skills:
 - Level 7.4 Fighting
 + Level 12.7 Axes
 - Level 6.5 Armour
 - Level 2.1 Dodging
 - Level 6.0 Shields
 - Level 5.0 Evocations


You had 9 spell levels left.
You didn't know any spells.

Dungeon Overview and Level Annotations

Branches:
Dungeon (10/15)            Temple (0/1) D:4             Orc (0/2) D:9
   Lair: D:8-11

Altars:
Ashenzari
Elyvilon
Hepliaklqana
Kikubaaqudgha
Makhleb
Qazlal
Sif Muna
Trog
Vehumet
Yredelemnul
Zin
The Shining One

Shops:
D:8 :   D:9 (


Innate Abilities, Weirdness & Mutations

You are resistant to damage.
You can recharge devices by infusing magical energy.
You passively map the area around you.
You do not regenerate naturally.


Message History

The orc goes into a battle-frenzy!
The orc knight hits you but does no damage.
You block the orc knight's attack.
You closely miss the orc knight.
The orc knight is moderately wounded.
The orc no longer looks unusually strong.
The orc warrior shoots a bolt.
The bolt hits you.
You barely miss the orc knight.
The orc knight is moderately wounded.
The orc knight hits you from afar with a glaive.
* * * LOW HITPOINT WARNING * * *
You closely miss the orc knight.
The orc knight is moderately wounded.
You hit the orc warrior.
The orc warrior is lightly wounded.
The orc warrior sings a few bars from the Orcish anthem.
The orc warrior shoots a bolt.
You block the bolt.
The orc warrior unwields an uncursed enchanted arbalest.
The orc warrior hits you!!
You die...

### #
▒▒▒▒▒##∩##▒▒▒▒▒▒▒* .##
....▒#.∩.#▒.....▒# .?#
≈≈≈..#.(.#..≈≈≈..#..[#
≈o≈≈..((...≈≈o≈≈.▒...#
ooo≈.......≈ooo≈oo...#
≈o≈≈.......≈≈o≈≈@▒ ,*
≈≈≈..#...#(.≈≈≈..#, ,
....▒#...#▒(...(▒#,
▒▒▒▒▒##∩##▒▒▒▒▒▒▒ *
### **


You could see 2 orc knights, 3 orc warriors and 2 orcs.

Vanquished Creatures
  The ghost of therealpatrickswayze the Basher, a novice OgHu (D:6)
  Pikel (D:4)
  A wyvern (D:9)
  Sigmund (D:3)
  2 hungry ghosts (D:9)
  Menkaure (D:4)
  A warg (D:9)
  Duvessa (D:4)
  2 ice beasts
  A necrophage (D:9)
  7 orc warriors
  2 phantoms
  3 ogres
  3 centaurs
  A big kobold (D:8)
  Blork the orc (D:4)
  A gnoll sergeant (D:5)
  6 giant frogs
  A water moccasin zombie (D:7)
  Dowan (D:4)
  2 scorpions
  2 wyvern skeletons (D:8)
  2 water moccasin skeletons (D:9)
  4 wights (D:9)
  2 howler monkeys
  3 crimson imps
  2 quasits
  3 orc priests
  5 jellies
  Crazy Yiuf (D:3)
  3 centaur skeletons
  2 hounds
  5 orc wizards
  Ijyb (D:2)
  2 giant frog skeletons
  5 iguanas
  4 worker ants
  A sheep (D:6)
  2 hound skeletons
  A howler monkey zombie (D:7)
  Robin (D:3)
  9 gnolls
  5 adders
  6 oozes
  An adder zombie (D:7)
  3 worms
  2 dart slugs
  5 giant geckos
  34 orcs
  A ball python (D:6)
  8 giant cockroaches
  2 gnoll zombies (D:5)
  17 goblins
  9 hobgoblins
  12 jackals
  3 quokkas
  11 bats
  A giant gecko zombie (D:7)
  6 giant newts
  14 kobolds
  2 quokka skeletons
  8 rats
250 creatures vanquished.

Vanquished Creatures (collateral kills)
  A hill giant (D:10)
  2 yaks (D:10)
  A hippogriff (D:10)
  An orc warrior (D:10)
  2 orc priests (D:10)
  A worker ant (D:10)
  4 orcs (D:10)
  3 jackals (D:10)
15 creatures vanquished.

Vanquished Creatures (others)
  A slave (D:4)
  A scorpion (D:4)
  A hobgoblin (D:3)
  A quokka (D:3)
  A giant newt (D:4)
  A goblin (D:3)
6 creatures vanquished.

Grand Total: 271 creatures vanquished

Notes
Turn   | Place    | Note
--------------------------------------------------------------
     0 | D:1      | Kenran the Deep Dwarf Berserker began the quest for the Orb.
     0 | D:1      | Reached XP level 1. HP: 20/20 MP: 1/1
   136 | D:1      | Reached XP level 2. HP: 22/27 MP: 2/2
   239 | D:1      | Reached skill level 4 in Axes
   693 | D:1      | Reached ** piety under Trog
   852 | D:2      | Reached XP level 3. HP: 32/33 MP: 3/3
   963 | D:2      | Reached skill level 5 in Axes
   984 | D:2      | Reached XP level 4. HP: 18/40 MP: 4/4
  1395 | D:2      | Noticed Ijyb
  1401 | D:2      | Killed Ijyb
  1401 | D:2      | Reached skill level 6 in Axes
  1691 | D:2      | Found a shattered altar of Ashenzari.
  1978 | D:3      | Reached XP level 5. HP: 32/46 MP: 5/5
  2096 | D:3      | Reached *** piety under Trog
  2202 | D:3      | Noticed Sigmund
  2212 | D:3      | Killed Sigmund
  2212 | D:3      | Reached skill level 7 in Axes
  2212 | D:3      | Reached XP level 6. HP: 53/55 MP: 6/6
  2343 | D:3      | Found an ancient bone altar of Kikubaaqudgha.
  2815 | D:3      | Found a glowing golden altar of the Shining One.
  2816 | D:3      | Found a radiant altar of Vehumet.
  2818 | D:3      | Found a hazy altar of Hepliaklqana.
  2819 | D:3      | Found a shattered altar of Ashenzari.
  2820 | D:3      | Found a deep blue altar of Sif Muna.
  2991 | D:3      | Noticed Crazy Yiuf
  2998 | D:3      | Killed Crazy Yiuf
  3067 | D:3      | Found a white marble altar of Elyvilon.
  3070 | D:3      | Noticed Robin
  3089 | D:3      | Killed Robin
  3474 | D:4      | Reached **** piety under Trog
  3508 | D:4      | Found a staircase to the Ecumenical Temple.
  3559 | D:4      | Noticed Pikel
  3572 | D:4      | Reached XP level 7. HP: 52/64 MP: 7/7
  3595 | D:4      | Killed Pikel
  3659 | D:4      | Noticed Duvessa
  3660 | D:4      | Noticed Dowan
  3681 | D:4      | Killed Duvessa
  3681 | D:4      | Reached skill level 8 in Axes
  3681 | D:4      | Reached XP level 8. HP: 72/72 MP: 8/8
  3687 | D:4      | Killed Dowan
  3901 | D:4      | Noticed Menkaure
  3919 | D:4      | Killed Menkaure
  3972 | D:4      | Noticed Blork the orc
  3980 | D:4      | Killed Blork the orc
  3980 | D:4      | Reached skill level 9 in Axes
  4268 | D:5      | Entered Level 5 of the Dungeon
  4385 | D:5      | Reached skill level 10 in Axes
  4518 | D:5      | Found a glowing silver altar of Zin.
  4518 | D:5      | Found a burning altar of Makhleb.
  4519 | D:5      | Noticed a blizzard demon
  4519 | D:5      | Noticed an angel
  4944 | D:5      | Found a basalt altar of Yredelemnul.
  5032 | D:6      | Received a gift from Trog
  5123 | D:6      | Found a bloodstained altar of Trog.
  5131 | D:6      | Reached skill level 11 in Axes
  5131 | D:6      | Gained mutation: You passively map the area around you. [Deep Dwarf growth]
  5131 | D:6      | Reached XP level 9. HP: 32/78 MP: 9/9
  5447 | D:6      | Noticed therealpatrickswayze's ghost (novice OgHu)
  5465 | D:6      | Killed therealpatrickswayze's ghost
  5465 | D:6      | Reached skill level 12 in Axes
  5514 | D:6      | Got a polished war axe
  5517 | D:6      | Identified the cursed +2 war axe of Undoing {venom, Str+4 Stlth+} (You found it on level 6 of the Dungeon)
  5655 | D:6      | Reached skill level 1 in Evocations
  5695 | D:6      | Got a spiked chain mail
  5706 | D:6      | Identified the +7 chain mail "Sialisch" {-Tele Regen+ rCorr Int+7} (You found it on level 6 of the Dungeon)
  6326 | D:7      | Reached skill level 5 in Fighting
  6640 | D:8      | Found Kewk's Book Emporium.
  6826 | D:8      | Found a glowing silver altar of Zin.
  6902 | D:8      | Reached ***** piety under Trog
  7305 | D:8      | Reached XP level 10. HP: 41/92 MP: 13/13
  7414 | D:9      | Reached skill level 5 in Evocations
  7621 | D:9      | Found Emeaziq's Antique Weapon Emporium.
  7718 | D:9      | Found a stormy altar of Qazlal.
  7902 | D:9      | Reached skill level 1 in Shields
  8052 | D:9      | Found a staircase to the Orcish Mines.
  8408 | D:9      | Reached skill level 5 in Shields
  8721 | D:10     | Entered Level 10 of the Dungeon
  8764 | D:10     | Found a flagged portal.
  8765 | D:10     | Noticed a hill giant
  8773 | D:10     | Killed a hill giant
  8918 | D:10     | Noticed a gargoyle
  8925 | Bailey   | Entered a bailey
  8931 | Bailey   | Noticed an orc knight
  8931 | Bailey   | Noticed an orc knight
  9008 | Bailey   | Noticed an orc knight
  9019 | Bailey   | Slain by an orc warrior

Vault maps used:
D:1:      onia_arrival_larder, minmay_misc_feat_plants, lemuel_old_faithful
D:2:      first_bread, nicolae_ashenzari_panopticon, uniq_iyjb
D:3:      minitemple, elyvilon_altar_4, uniq_crazy_yiuf_cottage, uniq_robin,
          uniq_sigmund
D:4:      minmay_temple_entry_large_hall, minmay_misc_feat_alley,
          dk_noncrumbling_4, minmay_curled_crystal, uniq_blork_the_orc,
          uniq_duvessa, uniq_pikel, uniq_menkaure
D:5:      grunt_temple_overflow_order_and_chaos_2,
          lemuel_zombie_altar_yredelemnul
D:6:      minmay_misc_feat_doors, trog_butcher_becter
D:8:      serial_shops, shop, basic_altar
D:9:      nicolae_qazlal_style_of_elements, david_orc_1_choice, serial_shops,
          shop, hangedman_little_slice_of_home
D:10:     lair_0_dummy, enter_bailey_2, serial_bayou_lake_a
Bailey:   bailey_polearm_4, bailey

Skill      XL: |  1  2  3  4  5  6  7  8  9 10 |
---------------+-------------------------------+-----
Axes           | 4 5 6 7 8 11 12 | 12.7
Fighting       | 4 6 7 |  7.4
Armour         | 3 6 |  6.5
Evocations     | 4 5 |  5.0
Shields        | 6 |  6.0
Dodging        | |  2.1

Action                   |  1- 3 |  4- 6 |  7- 9 | 10-12 || total
-------------------------+-------+-------+-------+-------++-------
Melee: Hand axe          |   120 |   256 |   203 |       ||   579
       War axe           |       |       |   130 |   182 ||   312
Throw: Stone             |    26 |     8 |       |       ||    34
Invok: Berserk           |       |    11 |    15 |    10 ||    36
       Trog's Hand       |       |     2 |     3 |     3 ||     8
       Brothers in Arms  |       |       |       |     2 ||     2
 Abil: Device Recharging |       |       |       |     1 ||     1
Evoke: Wand              |     3 |     1 |     2 |     4 ||    10
  Use: Scroll            |     5 |     6 |     7 |     4 ||    22
 Stab: Sleeping          |     1 |       |       |       ||     1
  Eat: Chunk             |       |    18 |    25 |    15 ||    58
       Fruit             |       |     2 |     2 |     2 ||     6
       Royal jelly       |       |       |     1 |     1 ||     2
       Pizza             |       |       |     1 |       ||     1
Armor: Animal skin       |     8 |       |       |       ||     8
       Ring mail         |    22 |    14 |       |       ||    36
       Chain mail        |       |   118 |   102 |    73 ||   293
       Scale mail        |       |       |    13 |       ||    13
Dodge: Dodged            |    81 |   118 |   109 |    55 ||   363
Block: Buckler           |       |       |       |    39 ||    39
